 Dungeon Crawl Stone Soup version 0.30-a0-845-g7c6808c8ce (webtiles) character file.

Game seed: 13381120584375650426

1085 jimonade the Magician (level 8, -13/55 HPs)
             Began as a Djinni Warper on Mar 3, 2023.
             Was a Follower of Okawaru.
             Mangled by an ogre
             ... wielding a +0 giant club
              (27 damage)
             ... on level 5 of the Dungeon.
             The game lasted 00:10:52 (4285 turns).

jimonade the Magician (Djinni Warper)               Turns: 4285, Time: 00:10:53

Health: -13/55     AC:  6    Str: 12    XL:     8   Next: 55%
Gold:   365        EV: 11    Int: 15    God:    Okawaru [*.....] SH:  0 Dex: 13

rFire   + + +      SeeInvis .    a - staff of fire
rCold   x . .      Faith    .    (no shield)
rNeg    + . .      Spirit   .    M - +0 ring mail
rPois   ∞          Reflect  .    (no helmet)
rElec   .          Rampage  .    (no cloak)
rCorr   +                        e - +0 pair of gloves
Will    .....                    (boots unavailable)
Stlth   +                        (no amulet)
HPRegen 0.29/turn                j - ring of resist corrosion
MPRegen 0.00/turn                q - ring of positive energy

@: flying
A: sickness immunity, fire resistance 2, cold vulnerability 1, float, innate
caster, HP casting, extra vitality 1
a: Renounce Religion, Heroism


You were on level 5 of the Dungeon.
You worshipped Okawaru.
Okawaru was aware of your devotion.
You visited 2 branches of the dungeon, and saw 6 of its levels.

You collected 365 gold pieces.

Inventory:

Hand Weapons
 k - a +0 falchion
 r - a +0 flail
 x - a +0 rapier
 A - a +1 whip of draining
 C - a +1 dagger of speed
 I - a +1 dagger of venom
 L - a +2 short sword of holy wrath
Missiles
 d - 9 boomerangs of dispersal
 F - 2 boomerangs
Armour
 e - a +0 pair of gloves (worn)
 s - a +0 scale mail
 v - a +0 leather armour
 K - a +2 robe
 M - a +0 ring mail (worn)
Magical Staves
 a - a staff of fire (weapon)
 b - a staff of air
Jewellery
 j - a ring of resist corrosion (left hand)
 q - a ring of positive energy (right hand)
 H - a +6 ring of intelligence
Wands
 y - a wand of roots (14)
Scrolls
 c - a scroll of blinking
 f - 2 scrolls of noise {unknown}
 g - 2 scrolls of immolation
 h - 2 scrolls of amnesia {unknown}
 m - a scroll of magic mapping {unknown}
 o - 2 scrolls of vulnerability {unknown}
 p - a scroll of silence {unknown}
 w - a scroll of poison {unknown}
 z - 4 scrolls of teleportation {unknown}
 D - 2 scrolls of enchant armour {unknown}
 G - 2 scrolls of identify
 J - a scroll of fog {unknown}
Potions
 i - 5 potions of curing {unknown}
 l - 3 potions of mutation
 n - a potion of flight {unknown}
 t - a potion of lignification {unknown}
 u - a potion of invisibility {unknown}
 B - 3 potions of heal wounds
 E - a potion of brilliance {unknown}


   Skills:
 + Level 2.6 Fighting
 + Level 2.0(2.4) Short Blades
 - Level 1.9(2.3) Long Blades
 - Level 0.6 Maces & Flails
 + Level 0.7 Throwing
 + Level 3.0 Armour
 + Level 3.4 Dodging
 + Level 1.2 Stealth
 * Level 6.4 Spellcasting


You knew the following spells:

 Your Spells              Type           Power      Damage    Failure   Level
a - Blink                 Tloc           48%        N/A       3%          2
b - Lesser Beckoning      Tloc           48%        N/A       3%          2
c - Vhi's Electric Charg  Tloc/Air       48%        N/A       6%          3
d - Teleport Other        Tloc           24%        N/A       6%          3
e - Manifold Assault      Tloc           24%        N/A       22%         4
f - Foxfire               Conj/Fire      100%       2x1d9     2%          1
g - Poisonous Vapours     Pois/Air       48%        N/A       3%          2
h - Static Discharge      Conj/Air       48%        2-4/arc   3%          2
Your spell library was empty.

Dungeon Overview and Level Annotations

Branches:
Dungeon (5/15)             Temple (1/1) D:4

Altars:
Ashenzari
Cheibriados
Dithmenos
Elyvilon
Fedhas
Hepliaklqana
Nemelex Xobeh
Okawaru
Ru
Uskayaw
Wu Jian
Xom
Yredelemnul
Zin

Shops:
D:2 =

Annotations:
D:1 2 transporters


Innate Abilities, Weirdness & Mutations

You are immune to sickness and miasma.
You are immune to poison.
Your flesh is very heat resistant. (rF++)
You are vulnerable to cold. (rC-)
You float through the air rather than walking.
You learn spells naturally, not from books.
Your magical power is your life essence.
You have superior vitality. (+4 MHP)


Message History

Found a whip.
You now have 355 gold pieces (gained 10).
You now have 365 gold pieces (gained 10).
i - 5 fuming clear potions (gained 1)
An ogre comes into view. It is wielding a +0 giant club.
Found 6 stones.
The ogre shouts!
You feel a surge of power!
You conjure some foxfire!
The foxfire hits the ogre.
The ogre is lightly wounded.
The foxfire hits the ogre!
The ogre is moderately wounded.
You feel a surge of power!
You conjure some foxfire!
The ogre attacks as you move away! The ogre hits you with a +0 giant club!
The foxfire hits the ogre.
The ogre is heavily wounded.
The foxfire hits the ogre.
The ogre is heavily wounded.
You feel a surge of power!
You conjure some foxfire!
The ogre hits you with a +0 giant club!
The foxfire hits the ogre.
The ogre is heavily wounded.
The foxfire hits the ogre.
The ogre is severely wounded.
You are too injured to fight recklessly!
You are too injured to fight recklessly!
Casting: Foxfire (safe; 2% risk of failure)
Press: ? - help, Q - select action, (/) - cycle Dir - look around, f - activate You feel a surge of power!
You conjure some foxfire!
Your foxfire dissipates!
The ogre attacks as you move away! The ogre hits you with a +0 giant club!
* * * LOW HITPOINT WARNING * * *
The foxfire hits the ogre.
The ogre is almost dead.
Casting: Foxfire (safe; 2% risk of failure)
Press: ? - help, Q - select action, (/) - cycle Dir - look around, f - activate You feel a surge of power!
You conjure some foxfire!
* * * LOW HITPOINT WARNING * * *
The ogre hits you with a +0 giant club!!
You die...

<..#.......)..###.............#.#
..##..........................#.#
..#...........#.##..........##...
..##..........#####.....##.......
..#...........#####.....##.......
.............###.#.....###.......
...###....)............#.........
#### ###....#...vO..............#
##....#...@........##....##
##.......##v........#....##
##.....##.#...............#
####......####...).........###
#.##.....## ##...........###
##.........# #.............#
##........## ##...........##
...#.......# #............#
..###......###............#


You could see an ogre (ally target).

Vanquished Creatures
  Sigmund (D:5)
  2 ogres (D:5)
  A scorpion (D:5)
  2 jellies (D:5)
  4 hounds (D:5)
  3 orc priests
  2 sleepcaps (D:5)
  Terence (D:2)
  Natasha (thrice) (D:4)
  3 orc wizards
  4 gnolls (D:1)
  7 adders (D:3)
  A shadow imp (D:5)
  A white imp (D:5)
  An ufetubus (D:5)
  5 worms
  3 dart slugs
  10 orcs
  7 endoplasms
  5 giant cockroaches
  3 goblins
  8 hobgoblins
  2 jackals (D:5)
  2 quokkas
  5 ball pythons
  4 bats
  2 frilled lizards
  4 kobolds
  7 rats
103 creatures vanquished.

Vanquished Creatures (others)
  307 foxfires
307 creatures vanquished.

Grand Total: 410 creatures vanquished

Notes
Turn   | Place    | Note
-------+----------+-------------------------------------------
     0 | D:1      | jimonade the Djinni Warper began the quest for the Orb.
     0 | D:1      | jimonade set off with the following spells memorised:
                  | Blink, Lesser Beckoning, Vhi's Electric Charge, Teleport
                  | Other, Manifold Assault.
     0 | D:1      | Reached XP level 1. HP: 18/18 MP: 0/0
   128 | D:1      | Reached XP level 2. HP: 23/23 MP: 0/0
   195 | D:1      | Reached skill level 3 in Spellcasting
   388 | D:1      | Reached XP level 3. HP: 6/28 MP: 0/0
   388 | D:1      | Learned a level 1 spell: Foxfire
   496 | D:2      | Found Dugail's Jewellery Emporium.
   513 | D:2      | Noticed Terence
   626 | D:2      | Killed Terence
   627 | D:2      | Reached XP level 4. HP: 9/33 MP: 0/0
   911 | D:1      | Reached XP level 5. HP: 21/38 MP: 0/0
   911 | D:1      | Learned a level 2 spell: Poisonous Vapours
  1415 | D:3      | Found a sacrificial altar of Ru.
  1563 | D:3      | Found an ornate altar of the Wu Jian Council.
  2056 | D:3      | Reached XP level 6. HP: 41/45 MP: 0/0
  2124 | D:3      | Reached skill level 4 in Spellcasting
  2583 | D:4      | Noticed Natasha
  2596 | D:4      | Killed Natasha
  2625 | D:4      | Noticed Natasha
  2634 | D:4      | Killed Natasha
  2706 | D:4      | Found a staircase to the Ecumenical Temple.
  2745 | Temple   | Entered the Ecumenical Temple
  2750 | Temple   | Became a worshipper of Warmaster Okawaru
  2771 | D:4      | Reached XP level 7. HP: 41/49 MP: 0/0
  2771 | D:4      | Learned a level 2 spell: Static Discharge
  2834 | D:4      | Noticed Natasha
  2842 | D:4      | Killed Natasha
  3158 | D:4      | Found a sparkling altar of Nemelex Xobeh.
  3339 | D:5      | Entered Level 5 of the Dungeon
  3362 | D:5      | Reached skill level 1 in Short Blades
  3382 | D:5      | Noticed Sigmund
  3389 | D:5      | Killed Sigmund
  3390 | D:5      | Reached skill level 5 in Spellcasting
  3403 | D:5      | Reached * piety under Okawaru
  3488 | D:5      | Reached skill level 1 in Stealth
  3488 | D:5      | Reached XP level 8. HP: 49/55 MP: 0/0
  3771 | D:5      | Reached skill level 6 in Spellcasting
  4051 | D:5      | Found a shadowy altar of Dithmenos.
  4285 | D:5      | Mangled by an ogre

Illustrated notes

Levels and vault maps discovered:
D:1:      spicycebolla_arrival_transporter_tutorial, layout_rooms,
          minmay_tiny_reverse_x
D:2:      layout_rooms, serial_shops, nicolae_shop_crystal,
          kennysheep_generic_room_2, uniq_terence
D:3:      layout_loops_cross, nicolae_ru_great_annihilating_truth,
          nicolae_wu_jian_wuxing_cycle, minmay_misc_feat_ornament,
          minmay_snake_closets
D:4:      nicolae_cairo_tiling, layout_loops_ring, nemelex_diamond_rough_becter,
          minmay_temple_entry_statues_pillars, uniq_natasha
D:5:      layout_cave_pools, nicolae_dithmenos_the_darkroom, nicolae_titane,
          uniq_sigmund
Temple:   minmay_freezing_vapour_temple

Skill      XL: |  1  2  3  4  5  6  7  8 |
---------------+-------------------------+-----
Spellcasting   | 3 4 5 6 |  6.4
Armour         | 2 3 |  3.0
Short Blades   | 1 2 |  2.0
Dodging        | 3 |  3.4
Stealth        | 1 |  1.2
Fighting       | |  2.6
Long Blades    | |  1.9
Maces & Flails | |  0.6
Throwing       | |  0.7

Action                     |  1- 3 |  4- 6 |  7- 9 || total
---------------------------+-------+-------+-------++-------
  Melee: Falchion          |    25 |       |       ||    25
         Whip              |    33 |    26 |       ||    59
         Dagger            |       |    49 |       ||    49
         Punch             |       |     1 |       ||     1
   Cast: Foxfire           |       |    78 |   116 ||   194
         Poisonous Vapours |       |    14 |     3 ||    17
    Use: Scroll            |       |     4 |       ||     4
   Stab: Invisible         |       |     1 |       ||     1
         Sleeping          |       |     1 |       ||     1
 Armour: Leather armour    |    10 |    14 |     1 ||    25
         Robe              |       |       |     2 ||     2
         Ring mail         |       |       |     2 ||     2
  Dodge: Dodged            |    41 |    45 |    12 ||    98

Table legend: (Time is in decaauts)
 A = Elapsed time spent in this place.
 B = Non-inter-level travel time spent in this place.
 C = Inter-level travel time spent in this place.
 D = Time resting spent in this place.
 E = Time spent auto-exploring this place.
 F = Levels seen in this place.
 G = Mean time per level.
                   A        B        C        D        E       F      G
               +--------+--------+--------+--------+--------+-----+--------+
         Total |   4289 |   4200 |     89 |    439 |   2682 |   6 |  714.8 |
       Dungeon |   4278 |   4193 |     85 |    439 |   2682 |   5 |  855.6 |
        Temple |     10 |      6 |      4 |      0 |      0 |   1 |   10.0 |
               +--------+--------+--------+--------+--------+-----+--------+

Top non-repeatable levels by time:
     D:4: 1023 daAuts
     D:3: 1011 daAuts
     D:5: 886 daAuts
     D:1: 805 daAuts
     D:2: 551 daAuts
  Temple: 10 daAuts
